 Dungeon Crawl Stone Soup version 0.28-a0-653-g7e9dba17c3 (webtiles) character file.

Game seed: 10374047280874826130

98 meatgazer the Sneak (level 4, 0/32 HPs)
             Began as a Gnoll Wanderer on Oct 11, 2021.
             Was an Initiate of Gozag.
             Killed from afar by an orc wizard (8 damage)
             ... with a puff of flame
             ... on level 3 of the Dungeon.
             The game lasted 00:04:08 (2994 turns).

meatgazer the Sneak (Gnoll Wanderer)                Turns: 2994, Time: 00:04:09

Health: 0/32       AC:  6    Str: 13    XL:     4   Next: 71%
Magic:  5/11       EV: 11    Int: 13    God:    Gozag
Gold:   287        SH:  0    Dex:  9    Spells: 10/13 levels left

rFire   . . .      SeeInvis .   d - +0 dagger
rCold   . . .      Faith    .   (no shield)
rNeg    . . .      Spirit   .   c - +3 leather armour
rPois   .          Reflect  .   (no helmet)
rElec   .          Harm     .   (no cloak)
rCorr   .          Rampage  .   (no gloves)
Will    .....                   (no boots)
Stlth   +++.......              (no amulet)
HPRegen 0.10/turn               (no ring)
MPRegen 0.12/turn               (no ring)

@: no status effects
A: fangs 1, strong nose, distributed training
a: Renounce Religion, Potion Petition, Call Merchant, Bribe Branch


You were on level 3 of the Dungeon.
You worshipped Gozag.
Gozag was aware of your devotion.
You visited 1 branch of the dungeon, and saw 3 of its levels.

You collected 287 gold pieces.

Inventory:

Hand Weapons
 d - a +0 dagger (weapon)
Missiles
 j - 47 stones
Armour
 c - a +3 leather armour (worn)
Scrolls
 a - a scroll of noise {unknown}
 b - 3 scrolls of teleportation
 k - a scroll of identify
Potions
 e - 3 potions of might
 f - a potion of curing {unknown}
 g - a potion of degeneration {unknown}
 h - a potion of flight {unknown}
 i - a potion of magic


   Skills:
 + Level 1.2 Fighting
 + Level 2.8 Short Blades
 + Level 1.2 Long Blades
 + Level 1.2 Axes
 + Level 1.2 Maces & Flails
 + Level 1.2 Polearms
 + Level 1.2 Staves
 + Level 1.2 Slings
 + Level 1.2 Bows
 + Level 1.2 Crossbows
 + Level 1.2 Throwing
 + Level 1.2 Armour
 + Level 2.8 Dodging
 + Level 6.1 Stealth
 + Level 1.2 Shields
 + Level 1.2 Unarmed Combat
 + Level 5.1 Spellcasting
 + Level 1.0 Conjurations
 + Level 1.0 Hexes
 + Level 1.0 Summonings
 + Level 1.0 Necromancy
 + Level 1.0 Translocations
 + Level 1.0 Transmutations
 + Level 2.3 Fire Magic
 + Level 1.0 Ice Magic
 + Level 1.0 Air Magic
 + Level 3.9 Earth Magic
 + Level 1.0 Poison Magic
 + Level 1.3 Invocations
 + Level 1.2 Evocations


You had 10 spell levels left.
You knew the following spells:

 Your Spells              Type           Power      Damage    Failure   Level
a - Sandblast             Erth           26%        2d8       4%          1
b - Scorch                Fire           18%        2d6       14%         2

Your spell library contained the following spells:

 Spells                   Type           Power      Damage    Failure   Level
 Stone Arrow              Conj/Erth      18%        3d8       26%         3
 Gell's Gravitas          Tloc           2%         N/A       43%         3
 Lesser Beckoning         Tloc           5%         N/A       43%         3
 Teleport Other           Tloc           5%         N/A       43%         3
 Flame Wave               Conj/Fire      7%         3d4       75%         4
 Summon Cactus Giant      Summ           2%         N/A       100%        6


Dungeon Overview and Level Annotations

Branches:
Dungeon (3/15)

Altars:
Gozag


Innate Abilities, Weirdness & Mutations

You have very sharp teeth.
Your uncanny sense of smell can sniff out nearby items.
Your experience applies equally to all skills.


Message History

Things that are here:
12 gold pieces; a +1 whip of venom You hit something but do no damage.
You hear some strange, mumbled words.
A magic dart appears from out of thin air!
The magic dart hits you but does no damage.
Your magical contamination has completely faded away.
You completely miss something. Something hits you but does no damage.
You hit something. Something hits you but does no damage.
You closely miss something. You barely miss something.
You hear a shout!
You bite something. You barely miss something. Something hits you.
You hit something.
You hear some strange, mumbled words.
You are confused.
You closely miss something. You bite something.
Something hits you but does no damage.
You bump into the rock wall.
Something hits you but does no damage.
You closely miss something.
You hear some strange, mumbled words.
A puff of flame appears from out of thin air!
The puff of flame hits you!
You closely miss something. You punch something.
You hear some strange, mumbled words.
A magic dart appears from out of thin air!
The magic dart hits you!
* * * LOW HITPOINT WARNING * * *
You bump into the rock wall.
Something hits you but does no damage.
You bump into the rock wall.
You feel less confused. Something hits you.
* * * LOW HITPOINT WARNING * * *
You miss something. You bite something.
You hear some strange, mumbled words.
A puff of flame appears from out of thin air!
The puff of flame hits you!
You die...
Your body crumbles into a pile of gold.

....... .. .........
#o...##.# #.# ###......
#.....#.# ... ######### #
###.#.# #.###.......#
.##.#...#.# #.#...#####.#
........#.#.#.#[..# #.#
###.........#.##.######.#
.....###{####............
..... #@##.....#.#...#..
.... #$##.###...#......
.... #.##.#######..#...
... #......# ........
######## ######..# #..#
...


There were no monsters in sight!

Vanquished Creatures
  4 adders
  A worm (D:2)
  A dart slug (D:2)
  4 orcs (D:3)
  5 endoplasms
  5 giant cockroaches
  8 goblins
  5 hobgoblins
  2 jackals
  3 kobolds
  A ball python (D:3)
  3 bats
  A frilled lizard (D:3)
  6 rats
49 creatures vanquished.

Notes
Turn   | Place    | Note
-------+----------+-------------------------------------------
     0 | D:1      | meatgazer the Gnoll Wanderer began the quest for the Orb.
     0 | D:1      | meatgazer set off with the following items: a +0 club, a
                  | scroll of teleportation, a +2 leather armour, a +0 dagger;
                  | and the following spell memorised: Sandblast; and the
                  | following spells available to memorise: Stone Arrow
     0 | D:1      | Reached XP level 1. HP: 13/13 MP: 6/6
   568 | D:1      | Reached XP level 2. HP: 19/19 MP: 7/7
  1493 | D:1      | Found a faded altar of an unknown god.
  1504 | D:1      | Prayed at the altar of an unknown god.
  1504 | D:1      | Became a worshipper of Gozag Ym Sagoz the Greedy
  1618 | D:1      | Reached XP level 3. HP: 22/25 MP: 9/9
  1976 | D:2      | Reached skill level 5 in Spellcasting
  2055 | D:2      | Reached skill level 6 in Stealth
  2055 | D:2      | Reached skill level 1 in Invocations
  2224 | D:2      | Reached skill level 1 in Fighting
  2224 | D:2      | Reached skill level 1 in Long Blades
  2224 | D:2      | Reached skill level 1 in Axes
  2224 | D:2      | Reached skill level 1 in Maces & Flails
  2224 | D:2      | Reached skill level 1 in Polearms
  2224 | D:2      | Reached skill level 1 in Staves
  2224 | D:2      | Reached skill level 1 in Slings
  2224 | D:2      | Reached skill level 1 in Bows
  2224 | D:2      | Reached skill level 1 in Crossbows
  2224 | D:2      | Reached skill level 1 in Throwing
  2224 | D:2      | Reached skill level 1 in Armour
  2224 | D:2      | Reached skill level 1 in Shields
  2224 | D:2      | Reached skill level 1 in Unarmed Combat
  2224 | D:2      | Reached skill level 1 in Evocations
  2265 | D:2      | Learned a level 2 spell: Scorch
  2380 | D:2      | Reached XP level 4. HP: 32/32 MP: 8/11
  2714 | D:3      | Reached skill level 1 in Conjurations
  2714 | D:3      | Reached skill level 1 in Hexes
  2714 | D:3      | Reached skill level 1 in Summonings
  2714 | D:3      | Reached skill level 1 in Necromancy
  2714 | D:3      | Reached skill level 1 in Translocations
  2714 | D:3      | Reached skill level 1 in Transmutations
  2714 | D:3      | Reached skill level 1 in Ice Magic
  2714 | D:3      | Reached skill level 1 in Air Magic
  2714 | D:3      | Reached skill level 1 in Poison Magic
  2994 | D:3      | Killed from afar by an orc wizard

Illustrated notes

Levels and vault maps discovered:
D:1:      minmay_arrival_glassed_features, layout_loops_ring,
          ebering_ecumenical_altar_abandoned
D:2:      layout_rooms
D:3:      layout_basic, nemelex_dance_club_becter, amcnicky_mini_pool_small,
          grunt_decor_fettered, grunt_ministairs_3, minmay_fractal_squares_5

Skill      XL: |  1  2  3  4 |
---------------+-------------+-----
Fire Magic     | 2 |  2.3
Spellcasting   | 5 |  5.1
Stealth        | 6 |  6.1
Invocations    | 1 |  1.3
Fighting       | 1 |  1.2
Long Blades    | 1 |  1.2
Axes           | 1 |  1.2
Maces & Flails | 1 |  1.2
Polearms       | 1 |  1.2
Staves         | 1 |  1.2
Slings         | 1 |  1.2
Bows           | 1 |  1.2
Crossbows      | 1 |  1.2
Throwing       | 1 |  1.2
Armour         | 1 |  1.2
Shields        | 1 |  1.2
Unarmed Combat | 1 |  1.2
Evocations     | 1 |  1.2
Conjurations   | 1 |  1.0
Hexes          | 1 |  1.0
Summonings     | 1 |  1.0
Necromancy     | 1 |  1.0
Translocations | 1 |  1.0
Transmutations | 1 |  1.0
Ice Magic      | 1 |  1.0
Air Magic      | 1 |  1.0
Poison Magic   | 1 |  1.0
Short Blades   | |  2.8
Dodging        | |  2.8
Earth Magic    | |  3.9

Action                   |  1- 3 |  4- 6 || total
-------------------------+-------+-------++-------
Melee: Dagger            |   156 |    20 ||   176
       Club              |     3 |       ||     3
       Bite              |    10 |     5 ||    15
       Punch             |       |     1 ||     1
 Cast: Sandblast         |     3 |    11 ||    14
       Scorch            |     1 |    12 ||    13
  Use: Scroll            |       |     4 ||     4
       Potion            |       |     1 ||     1
 Stab: Sleeping          |     6 |       ||     6
Armor: Leather armour    |    54 |     6 ||    60
Dodge: Dodged            |    77 |     5 ||    82

Table legend: (Time is in decaauts)
 A = Elapsed time spent in this place.
 B = Non-inter-level travel time spent in this place.
 C = Inter-level travel time spent in this place.
 D = Time resting spent in this place.
 E = Time spent auto-exploring this place.
 F = Levels seen in this place.
 G = Mean time per level.
                   A        B        C        D        E       F      G
               +--------+--------+--------+--------+--------+-----+--------+
         Total |   2973 |   2941 |     32 |    982 |   1541 |   3 |  991.0 |
       Dungeon |   2973 |   2941 |     32 |    982 |   1541 |   3 |  991.0 |
               +--------+--------+--------+--------+--------+-----+--------+

Top non-repeatable levels by time:
     D:1: 1733 daAuts
     D:2: 803 daAuts
     D:3: 436 daAuts
